 Dungeon Crawl Stone Soup version 0.21.1-1-g345015f (webtiles) character file.

467409 glosham the Executioner (level 24, -11/182 HPs)
             Began as an Octopode Berserker on Apr 7, 2018.
             Was the Champion of Trog.
             Shot with a bolt by a yaktaur captain (58 damage)
             ... on level 5 of the Vaults on Apr 14, 2018.
             The game lasted 14:24:29 (31266 turns).

glosham the Executioner (Octopode Berserker)       Turns: 31266, Time: 14:24:30

Health: -11/182    AC:  1    Str: 39    XL:     24   Next: 60%
Magic:  30/30      EV: 39    Int:  7    God:    Trog [******]
Gold:   1224       SH:  0    Dex: 26    Spells: 23/23 levels left

rFire    + + +     SeeInvis .   d - +3 battleaxe (vamp)
rCold    + + +     Gourm    .   (shield currently unavailable)
rNeg     . . .     Faith    .   Y - +0 hat "Put-Me-On" {rC+ Str+7 Int-5 Slay+3}
rPois    +         Spirit   .   z - amulet of regeneration
rElec    +         Reflect  .   A - ring of Camik {rF+ rC++ Str+8}
rCorr    .         Harm     .   B - ring of Fixation {Wiz rElec rPois Str-4 Dex+4}
MR       +++..                  C - ring "Yralihoys" {+Fly rElec rC+ MR+ Stlth-}
Stlth    +++++++++.             D - ring of Hyishrico {rF+++ MR+ Str+3 Stlth-}
HPRegen  0.80/turn              E - +6 ring of dexterity
MPRegen  0.22/turn              F - ring of Shadows {Umbra +Inv Stlth+}
                                G - +2 ring of evasion
                                H - ring of Deniny {EV+3 Str+5}

@: wreathed by umbra
A: almost no armour, stealthy swim, amphibious, 8 rings, constrict 8, camouflage
1, gelatinous body 1
}: 2/15 runes: serpentine, barnacled
a: Berserk, Trog's Hand, Brothers in Arms, Burn Spellbooks, Renounce Religion,
Evoke Invisibility, Evoke Flight


You were on level 5 of the Vaults.
You worshipped Trog.
Trog was exalted by your worship.
You were hungry.

You visited 9 branches of the dungeon, and saw 45 of its levels.
You also visited: Ice Cave, Wizlab and Desolation.

You collected 5263 gold pieces.
You spent 4039 gold pieces at shops.

Inventory:

Hand Weapons
 a - the +11 broad axe of the Reaper {freeze, rC+}
   (You found it on level 14 of the Dungeon)

   It has been specially enchanted to freeze those struck by it, causing extra
   injury to most foes and up to half again as much damage against particularly
   susceptible opponents.
   It can also slow down cold-blooded creatures.
   It protects you from cold.
 b - a +8 antimagic battleaxe
 c - the +8 whip "Snakebite" {curare, rPois}
   (You took it off a deep elf mage on level 3 of the Elven Halls)

   It poisons the flesh of those it strikes.
   It protects you from poison.
 d - a +3 vampiric battleaxe (weapon)
 N - a +4 antimagic broad axe
Armour
 Y - the +0 hat "Put-Me-On" (worn) {rC+ Str+7 Int-5 Slay+3}
   (You acquired it on level 7 of the Dungeon)

   It affects your strength (+7).
   It affects your intelligence (-5).
   It affects your accuracy and damage with ranged weapons and melee attacks
   (+3).
   It protects you from cold.
Jewellery
 z - an amulet of regeneration (around mantle)
 A - the ring of Camik (left tentacle) {rF+ rC++ Str+8}
   (You took it off a Hellbinder in a wizard's laboratory)

   [ring of protection from fire]

   It affects your strength (+8).
   It protects you from fire.
   It greatly protects you from cold.
 B - the ring of Fixation (right tentacle) {Wiz rElec rPois Str-4 Dex+4}
   (You bought it in a shop on level 2 of the Vaults)

   [ring of wizardry]

   It improves your spell success rate.
   It affects your strength (-4).
   It affects your dexterity (+4).
   It insulates you from electricity.
   It protects you from poison.
 C - the ring "Yralihoys" (on tentacle) {+Fly rElec rC+ MR+ Stlth-}
   (You took it off a deep elf death mage on level 5 of the Depths)

   [ring of flight]

   It protects you from cold.
   It insulates you from electricity.
   It affects your resistance to hostile enchantments.
   It lets you fly.
   It makes you less stealthy.
 D - the ring of Hyishrico (on tentacle) {rF+++ MR+ Str+3 Stlth-}
   (You acquired it on level 2 of the Orcish Mines)

   [ring of protection from magic]

   It affects your strength (+3).
   It renders you almost immune to fire.
   It affects your resistance to hostile enchantments.
   It makes you less stealthy.
 E - a +6 ring of dexterity (on tentacle)
 F - the ring of Shadows (on tentacle) {Umbra +Inv Stlth+}
   (You bought it in a shop on level 8 of the Dungeon)

   [ring of stealth]

   It lets you turn invisible.
   It makes you more stealthy.
 G - a +2 ring of evasion (on tentacle)
 H - the ring of Deniny (on tentacle) {EV+3 Str+5}
   (You found it on level 3 of the Elven Halls)

   [ring of evasion]

   It affects your evasion (+3).
   It affects your strength (+5).
 I - the ring "Zaq Lajics" {Int+6 SInv}
   (You found it in the Desolation of Salt)

   [ring of see invisible]

   It affects your intelligence (+6).
   It lets you see invisible.
Wands
 f - a wand of paralysis (15)
 g - a wand of digging (3)
 h - a wand of polymorph (33)
 i - a wand of flame (11)
 j - a wand of acid (10)
 J - a wand of enslavement (15)
 K - a wand of iceblast (25)
Scrolls
 k - 12 scrolls of teleportation
 l - a scroll of blinking
 m - 9 scrolls of fog
 n - 9 scrolls of fear
 o - 15 scrolls of remove curse
 p - 12 scrolls of identify
Potions
 q - 7 potions of cancellation
 r - 14 potions of curing
 s - a potion of heal wounds
 t - 6 potions of haste
 u - 3 potions of resistance
 v - a potion of ambrosia
 x - 4 potions of agility
 y - 4 potions of might
Miscellaneous
 w - a lightning rod (4/4)
 L - 3 phantom mirrors
Comestibles
 e - 36 rations
 M - 7 chunks of flesh


   Skills:
 - Level 19.9 Fighting
 * Level 26.0 Axes
 - Level 19.9 Dodging
 - Level 15.2 Stealth
   Level 2.6 Shields
 - Level 9.8 Evocations


You had 23 spell levels left.
You didn't know any spells.

Dungeon Overview and Level Annotations

Branches:
Dungeon (15/15)            Temple (1/1) D:5            Lair (6/6) D:8
 Shoals (4/4) Lair:4        Snake (4/4) Lair:3        Slime (0/5) Lair:5
    Orc (2/2) D:10            Elf (3/3) Orc:2        Vaults (5/5) D:14
  Crypt (0/3) Vaults:3     Depths (5/5) D:15            Zot (0/5) Depths:5

Altars:
Cheibriados
Dithmenos
Gozag
Hepliaklqana
Kikubaaqudgha
Makhleb
Nemelex Xobeh
Okawaru
Qazlal
Sif Muna
Uskayaw
Vehumet
Yredelemnul
Jiyva

Shops:
D:5 =   D:8 =!   D:15 }(%   Orc:2 %?!*(   Elf:1 !   Elf:2 [   Vaults:2 =(%*
Vaults:4 (

Portals:
Hell: Depths:1 Depths:4 Depths:5
Abyss: Depths:2 Depths:4 Depths:5
Pandemonium: Depths:2
Ziggurat: Depths:1
Trove: D:13 (give 17 scrolls of teleportation)


Innate Abilities, Weirdness & Mutations

You cannot wear most types of armour.
You are very stealthy in the water. (Stealth+)
You are amphibious.
You can wear up to eight rings at the same time.
You can use your tentacles to constrict eight enemies at once.
Your skin changes colour to match your surroundings (Stealth+).
Your rubbery body absorbs attacks. (AC +1, EV +1)


Message History

Trog accepts your kill.
Trog appreciates your killing of a magic user.
The chaos spawn degenerates into a cloud of primal chaos!
Your life force feels restored.
The yaktaur captain shoots a bolt.
The bolt hits you!!
Okay, then.
Your cyclops goes berserk!
You are feeling hungry.
You hear a distant "Zot"!
The stone giant completely misses you.
You hit the stone giant.
You squeeze the stone giant, but do no damage.
The stone giant is lightly wounded.
You slice the stone giant!!
You feel better.
You squeeze the stone giant!
The stone giant is heavily wounded.
The stone giant completely misses you.
Your cyclops hits the stone giant!!
The yaktaur captain shoots a bolt.
The bolt hits you!!
* * * LOW HITPOINT WARNING * * *
You open the stone giant like a pillowcase!!!
You kill the stone giant!
Trog accepts your kill.
Your cyclops barely misses the deep troll.
You barely miss the deep troll. You squeeze the deep troll!
The deep troll is lightly wounded.
You hear a distant "Zot"!
You barely miss the iron dragon. Your cyclops hits the iron dragon!
You barely miss the iron dragon.
The iron dragon is lightly wounded.
You hear a distant "Zot"!
The yaktaur captain shoots a bolt.
The bolt hits you!
* * * LOW HITPOINT WARNING * * *
Your cyclops hits the iron dragon!!! You slice the iron dragon!!
You feel better.
The iron dragon is almost dead.
You slash the iron dragon!
You feel better.
You kill the iron dragon!
Trog accepts your kill.
Your Axes skill increases to level 26!
The yaktaur captain shoots a bolt.
The bolt hits you!!!
You die...

#.#.# #.#.# #.#.#.# #.#.#.#
#.#.#)# #.#.#)# #e#c#)#....#
#.#.#(#....# #######.#@#[#....#
#. ........C(#[#....# .....
##############(..#[#....# ....#
....)...........(#[#....##...#
##################(#.(..#...#
...................[...(...#
#################.(.......#####
.....................<<(.......
....................<..<.......


You could see a yaktaur captain and a friendly cyclops (berserk).

Vanquished Creatures
  Bai Suzhen (Shoals:4)
  5 caustic shrikes (Depths:5)
  Saint Roka (Vaults:2)
  3 golden dragons
  A Hellbinder (WizLab)
  3 tentacled monstrosities (Depths:5)
  Jorgrun (Depths:2)
  Asterion (Elf:1)
  A quicksilver dragon (Depths:5)
  A titan (Depths:5)
  2 deep elf blademasters (Elf:3)
  2 deep elf master archers (Elf:3)
  4 sphinxes
  Gastronok (D:11)
  2 storm dragons (Depths:5)
  Roxanne (Shoals:3)
  5 shadow dragons
  Donald (Orc:2)
  8 fire giants
  7 nagarajas (Snake:4)
  6 tengu reavers
  2 iron dragons
  7 deep elf sorcerers
  A draconian knight (Depths:5)
  9 frost giants
  A cacodemon (WizLab)
  3 imperial myrmidons (Desolation)
  3 deep elf elementalists (Elf:3)
  3 balrugs (WizLab)
  9 vault wardens
  4 spriggan defenders (Depths:5)
  A war gargoyle (Vaults:5)
  A vampire knight (Depths:5)
  7 ironheart preservers
  15 stone giants
  9 very ugly things
  The ghost of mtoz the Severer, a journeyman MiBe of Trog (Lair:6)
  2 entropy weavers
  A black sun (WizLab)
  8 deep elf demonologists
  Nessos (Orc:2)
  A halazid warlock (Desolation)
  3 lorocyprocas (WizLab)
  2 merfolk javelineers (Shoals:4)
  7 deep elf annihilators
  A spark wasp (Depths:5)
  2 crystal guardians (Desolation)
  10 deep elf death magi
  A blizzard demon (WizLab)
  10 ettins
  7 green deaths
  8 fire dragons
  7 deep elf high priests
  9 yaktaur captains
  7 ragged hierophants (Desolation)
  10 servants of whispers (Desolation)
  3 merfolk impalers
  Josephine (Orc:2)
  3 great orbs of eyes
  27 vault guards
  3 rakshasas
  5 hydras
  11 ice dragons
  6 death knights
  9 peacekeepers (Desolation)
  12 centaur warriors
  4 spriggan air magi (Depths:5)
  A hell beast (WizLab)
  The ghost of appiemonkey the Basher, a journeyman VSFi of Okawaru (Lair:3)
  2 anacondas
  5 merfolk aquamancers (Shoals:4)
  28 dancing weapons
  6 deep troll shamans
  2 merfolk avatars (Shoals:4)
  6 naga warriors (Snake:4)
  37 two-headed ogres
  2 spriggan berserkers (Depths:5)
  2 tengu warriors (Depths:5)
  9 ogre magi
  5 deep troll earth magi
  2 vampire magi
  6 orc high priests
  A death yak (IceCv)
  3 soul eaters (WizLab)
  A hell knight (Depths:5)
  10 naga sharpshooters (Snake:4)
  23 deep elf knights
  A shock serpent (shapeshifter) (Depths:2)
  Nergalle (Lair:2)
  An iron troll (Depths:5)
  A salamander mystic (Snake:4)
  A fire crab (shapeshifter) (Elf:1)
  26 slime creatures
  2 glowing orange brains
  A shadow wraith (Vaults:4)
  11 deep elf archers
  10 skeletal warriors
  22 deep trolls
  2 sea snakes
  4 naga ritualists
  12 black mambas
  3 flayed ghosts
  2 shadow demons (WizLab)
  14 ironbrand convokers
  4 phantasmal warriors
  8 wizards
  3 mana vipers
  6 harpies
  A lindwurm (Lair:6)
  10 orc knights
  Pikel (D:7)
  4 oklob plants (Lair:3)
  51 deep elf magi
  A mana viper (shapeshifter) (D:15)
  A harpy (shapeshifter) (Depths:5)
  7 orc sorcerers
  5 cyclopes
  4 manticores
  3 wolf spiders
  A manticore (shapeshifter) (Vaults:3)
  21 ugly things
  4 salamanders (Snake:4)
  A merfolk siren (Shoals:3)
  Maurice (Orc:1)
  An ice statue (IceCv)
  23 elephants
  A water nymph (Shoals:4)
  An elephant (shapeshifter) (Vaults:4)
  2 salamanders (shapeshifter)
  12 vault sentinels
  A centaur zombie (D:13)
  2 molten gargoyles (Desolation)
  6 spiny frogs
  2 gargoyles
  14 naga magi
  4 guardian serpents
  4 rust devils
  An orange demon (WizLab)
  The ghost of Verendum the Spear-Bearer, a novice GrFi of Hepliaklqana (D:5)
  5 demonic crawlers (Elf:1)
  6 freezing wraiths
  5 hellions (WizLab)
  A rime drake (shapeshifter) (D:13)
  35 yaktaurs
  7 komodo dragons
  2 yaktaurs (shapeshifter)
  2 tormentors (WizLab)
  2 efreet (D:13)
  2 hellwings (WizLab)
  2 ice devils
  6 rime drakes
  3 red devils
  4 tengu conjurers
  A polar bear (shapeshifter) (Vaults:2)
  A troll (shapeshifter) (Vaults:2)
  A jumping spider (Vaults:4)
  8 trolls
  24 polar bears
  A queen bee (shapeshifter) (Depths:1)
  2 hornets (shapeshifter)
  5 merfolk
  59 saltlings (Desolation)
  A dream sheep (Lair:6)
  14 hornets
  24 blink frogs
  8 hippogriffs
  3 snapping turtles
  9 air elementals
  2 shadows
  A shapeshifter (Depths:5)
  14 redbacks
  7 wraiths
  A spriggan (shapeshifter) (Depths:1)
  7 water elementals
  A yak (shapeshifter) (Vaults:4)
  36 yaks
  14 spriggans
  2 wyverns
  5 basilisks
  2 neqoxecs (WizLab)
  2 fire elementals (Elf:3)
  2 golden eyes (shapeshifter)
  11 vampire mosquitoes
  A steam dragon (D:14)
  A swamp worm (shapeshifter) (Vaults:2)
  4 wargs
  19 nagas
  A naga (shapeshifter) (Vaults:5)
  2 hell hounds (D:8)
  16 water moccasins
  A soldier ant (shapeshifter) (D:15)
  2 acid dragons
  14 porcupines
  2 floating eyes (Depths:5)
  4 slaves (D:7)
  An eye of draining (shapeshifter) (D:14)
  A hornet zombie (D:14)
  9 sky beasts
  4 ice beasts
  3 black bears (Lair:6)
  42 orc warriors
  A phantom (D:10)
  A necrophage (D:8)
  29 ogres
  9 boggarts
  39 wolves
  22 centaurs
  8 crocodiles
  5 big kobolds
  19 bullfrogs
  3 earth elementals
  7 scorpions
  6 killer bees
  9 wights
  3 howler monkeys
  3 electric eels (Lair:6)
  6 crimson imps
  2 bullfrog zombies
  2 quasits
  31 orc priests
  36 orc wizards
  4 centaur skeletons
  A gnoll shaman (D:5)
  8 hounds
  5 jellies
  An iron imp (Depths:1)
  Jessica (D:2)
  3 bullfrog skeletons
  5 iguanas
  13 worker ants
  A hound zombie (D:5)
  A hound skeleton (D:11)
  A worker ant zombie (D:11)
  4 howler monkey skeletons
  23 adders
  7 gnolls
  3 shadow imps
  An ooze (D:2)
  An adder zombie (D:8)
  An adder skeleton (D:9)
  2 worms (D:3)
  2 leopard geckos
  83 orcs
  5 bats
  4 giant cockroaches
  7 goblins
  8 hobgoblins
  13 jackals
  7 quokkas
  3 ball pythons
  6 frilled lizards
  36 kobolds
  A quokka skeleton (D:4)
  6 rats
  3 fungi
  5 pillars of salt (Vaults:1)
  13 plants
1798 creatures vanquished.

Vanquished Creatures (collateral kills)
  A tentacled monstrosity (Vaults:5)
  The ghost of Zgarb the Brawler, an adept TrMo of Cheibriados (Snake:3)
  A storm dragon (Depths:5)
  A nagaraja (Snake:4)
  A deep elf annihilator (Vaults:2)
  Harold (Lair:2)
  2 skeletal warriors (D:14)
  A mana viper (Snake:3)
  A naga mage (Snake:4)
  A spiny frog (Lair:1)
  A hellwing (WizLab)
  2 polar bears (Lair:6)
  A yaktaur (Vaults:2)
  A spriggan (Lair:6)
  A naga (Snake:4)
  2 water moccasins (Lair:2)
  3 wolves
22 creatures vanquished.

Vanquished Creatures (others)
  A very ugly thing (Depths:3)
  A merfolk impaler (Shoals:4)
  A dancing weapon (Elf:1)
  A shadow wraith (Vaults:2)
  A deep elf archer (Elf:1)
  An ugly thing (Depths:3)
  A deep elf mage (Elf:1)
  A water nymph (Shoals:4)
  A rime drake (D:14)
  A raiju (shapeshifter) (Vaults:2)
  A snapping turtle (Shoals:3)
  A wyvern (D:14)
  3 yaks (IceCv)
  A water moccasin (Lair:6)
  An eye of draining (D:12)
  2 wolves (IceCv)
  An orc priest (Vaults:5)
  An orc (Elf:1)
  A kobold (D:10)
  2 bushes (Depths:2)
  4 fungi
  42 plants
70 creatures vanquished.

Grand Total: 1890 creatures vanquished

Notes
Turn   | Place    | Note
-------+----------+-------------------------------------------
     0 | D:1      | glosham the Octopode Berserker began the quest for the Orb.
     0 | D:1      | Reached XP level 1. HP: 16/16 MP: 1/1
   250 | D:1      | Reached XP level 2. HP: 21/21 MP: 2/2
   359 | D:2      | Noticed Jessica
   366 | D:2      | Killed Jessica
   366 | D:2      | Reached skill level 4 in Axes
   366 | D:2      | Reached XP level 3. HP: 12/26 MP: 3/3
   641 | D:3      | Found an iron altar of Okawaru.
   660 | D:2      | Reached XP level 4. HP: 15/31 MP: 4/4
   664 | D:2      | Reached skill level 5 in Axes
   731 | D:2      | Reached ** piety under Trog
   731 | D:2      | HP: 1/46 [hobgoblin (5)]
  1306 | D:2      | Reached XP level 5. HP: 36/36 MP: 5/5
  1698 | D:3      | Found a sparkling altar of Nemelex Xobeh.
  1803 | D:5      | Entered Level 5 of the Dungeon
  1824 | D:5      | Reached skill level 6 in Axes
  1874 | D:5      | Found a staircase to the Ecumenical Temple.
  1895 | D:5      | Found Venaume's Jewellery Shoppe.
  1925 | Temple   | Entered the Ecumenical Temple
  1958 | D:6      | Noticed a sky beast
  1964 | D:6      | Killed a sky beast
  1964 | D:6      | Reached XP level 6. HP: 40/42 MP: 6/6
  2063 | D:6      | Reached skill level 1 in Shields
  2087 | D:6      | Reached skill level 2 in Shields
  2092 | D:6      | Got a shimmering dagger
  2093 | D:6      | Identified the cursed +1 dagger of Subterfuge {pierce, +Fly rF+ MR+ Dex-4} (You found it on level 6 of the Dungeon)
  2160 | D:6      | Reached skill level 7 in Axes
  2160 | D:6      | Reached XP level 7. HP: 46/46 MP: 7/7
  2324 | D:5      | Noticed Verendum's ghost (novice GrFi)
  2333 | D:5      | Killed Verendum's ghost
  2333 | D:5      | Reached skill level 9 in Axes
  2333 | D:5      | Reached XP level 8. HP: 52/52 MP: 8/8
  2385 | D:5      | Found the +10 Black Knight's horse barding {ponderous, rPois rN+}
  2433 | D:5      | Found a shadowy altar of Dithmenos.
  2436 | D:5      | Found an opulent altar of Gozag.
  2566 | D:5      | Reached *** piety under Trog
  3157 | D:4      | Reached skill level 10 in Axes
  3468 | D:7      | Noticed Pikel
  3484 | D:7      | Killed Pikel
  3484 | D:7      | Reached skill level 11 in Axes
  3484 | D:7      | Reached XP level 9. HP: 40/56 MP: 9/9
  3577 | D:6      | Found a burning altar of Makhleb.
  4038 | D:4      | Found a sparkling altar of Nemelex Xobeh.
  4170 | D:4      | Reached skill level 12 in Axes
  4172 | D:4      | Got an ichor-stained trident
  4173 | D:4      | Identified the +5 trident "Lumouce" {venom, rF+} (You found it on level 4 of the Dungeon)
  4293 | D:5      | Bought an uncursed ring of protection from cold for 375 gold pieces
  4467 | D:7      | Reached **** piety under Trog
  4565 | D:9      | Noticed a troll
  4572 | D:9      | Killed a troll
  4645 | D:8      | Reached skill level 13 in Axes
  4692 | D:7      | Got an ichor-stained dagger
  4693 | D:7      | Identified the +5 dagger of the Scorpion {pierce, Int+6 Dex+4} (You found it on level 7 of the Dungeon)
  4837 | D:9      | Reached XP level 10. HP: 59/63 MP: 10/10
  4890 | D:9      | Noticed a two-headed ogre
  4898 | D:9      | Killed a two-headed ogre
  5069 | D:10     | Entered Level 10 of the Dungeon
  5225 | D:10     | Reached skill level 14 in Axes
  5306 | D:10     | Reached ***** piety under Trog
  5355 | D:8      | Found Voerhaomp's Distillery.
  5375 | D:8      | Bought a potion of lignification for 42 gold pieces
  5375 | D:8      | Bought a potion of might for 56 gold pieces
  5393 | D:7      | Found a hide-covered altar of Uskayaw.
  5467 | D:7      | Found a radiant altar of Vehumet.
  5608 | D:7      | Got a translucent morningstar
  5609 | D:7      | Identified the cursed +3 morningstar of Imbalance {pain, *Noise +Inv rC- Dex+4} (You found it on level 7 of the Dungeon)
  5751 | D:7      | Identified a scroll of acquirement
  5752 | D:7      | Got an ancient hat
  5758 | D:7      | Identified the +0 hat "Put-Me-On" {rC+ Str+7 Int-5 Slay+3} (You acquired it on level 7 of the Dungeon)
  5798 | D:8      | Found Yrghixor's Jewellery Shop.
  6072 | D:8      | Found a staircase to the Lair.
  6102 | D:8      | Reached skill level 15 in Axes
  6420 | D:10     | Noticed a two-headed ogre
  6428 | D:10     | Killed a two-headed ogre
  6461 | D:10     | Reached XP level 11. HP: 58/67 MP: 11/11
  6475 | D:10     | Received a gift from Trog
  6653 | D:10     | Found a staircase to the Orcish Mines.
  6964 | Lair:1   | Entered Level 1 of the Lair of Beasts
  6989 | Lair:1   | Reached skill level 16 in Axes
  7404 | Lair:1   | Killed a black mamba
  7703 | Lair:2   | Reached skill level 17 in Axes
  7876 | Lair:3   | Noticed appiemonkey's ghost (journeyman VSFi)
  7985 | Lair:2   | Found a deep blue altar of Sif Muna.
  8085 | Lair:3   | Reached XP level 12. HP: 51/72 MP: 12/12
  8148 | Lair:3   | Killed appiemonkey's ghost
  8180 | Lair:2   | Noticed Harold
  8187 | Lair:2   | HP: 7/72 [poisoned by a water moccasin]
  8192 | Lair:2   | Killed Harold
  8207 | Lair:2   | Reached skill level 18 in Axes
  8493 | Lair:2   | Noticed Nergalle
  8499 | Lair:2   | Killed Nergalle
  9058 | Lair:3   | Found a staircase to the Snake Pit.
  9094 | Lair:3   | Reached skill level 19 in Axes
  9330 | Lair:3   | Reached XP level 13. HP: 77/77 MP: 13/13
  9334 | Lair:3   | Received a gift from Trog
  9526 | Lair:4   | Reached skill level 20 in Axes
  9927 | Lair:5   | Found a staircase to the Slime Pits.
  9927 | Lair:5   | Found a viscous altar of Jiyva.
  9959 | Lair:6   | Entered Level 6 of the Lair of Beasts
 10088 | Lair:6   | Reached skill level 4 in Fighting
 10088 | Lair:6   | Reached skill level 4 in Dodging
 10279 | Lair:6   | Noticed mtoz's ghost (journeyman MiBe)
 10322 | Lair:6   | Reached skill level 5 in Fighting
 10322 | Lair:6   | Reached skill level 5 in Dodging
 10450 | Lair:4   | Found a staircase to the Shoals.
 10599 | Lair:4   | Reached XP level 14. HP: 68/89 MP: 14/14
 10773 | Lair:5   | Reached skill level 6 in Fighting
 10773 | Lair:5   | Reached skill level 6 in Dodging
 10990 | Lair:6   | Reached ****** piety under Trog
 11000 | Lair:6   | Received a gift from Trog
 11008 | Lair:6   | HP: 10/135 [black bear (7)]
 11192 | Lair:6   | Reached skill level 7 in Dodging
 11193 | Lair:6   | Reached skill level 7 in Fighting
 11450 | Lair:6   | Killed mtoz's ghost
 11839 | D:8      | Bought a +2 ring of evasion for 160 gold pieces
 11839 | D:8      | Bought the ring of Shadows {Umbra +Inv Stlth+} for 640 gold pieces
 11839 | D:8      | Found the ring of Shadows {Umbra +Inv Stlth+}
 11961 | Orc:1    | Entered Level 1 of the Orcish Mines
 11970 | Orc:1    | Reached skill level 1 in Evocations
 12027 | Orc:2    | Entered Level 2 of the Orcish Mines
 12033 | Orc:2    | Reached skill level 2 in Evocations
 12070 | Orc:2    | Noticed Donald
 12094 | Orc:2    | Killed Donald
 12094 | Orc:2    | Reached skill level 4 in Evocations
 12225 | Orc:2    | Received a gift from Trog
 12238 | Orc:2    | Reached skill level 8 in Fighting
 12238 | Orc:2    | Reached skill level 8 in Dodging
 12328 | Orc:2    | Found Ydific's Distillery.
 12328 | Orc:2    | Found Nurep's Assorted Antiques.
 12328 | Orc:2    | Found Ytelem's Magic Scroll Emporium.
 12331 | Orc:2    | Found Asecs's Food Emporium.
 12378 | Orc:2    | Found Behasod's Weapon Shop.
 12539 | Orc:2    | Found a staircase to the Elven Halls.
 12541 | Orc:2    | Noticed Josephine
 12549 | Orc:2    | Killed Josephine
 12549 | Orc:2    | Reached skill level 5 in Evocations
 12584 | Orc:2    | Bought a fizzy ruby potion for 23 gold pieces
 12632 | Orc:2    | Noticed Nessos
 12643 | Orc:2    | Killed Nessos
 12787 | Orc:1    | Noticed Maurice
 12802 | Orc:1    | Killed Maurice
 12806 | Orc:1    | Received a gift from Trog
 13097 | Orc:2    | Bought a scroll of acquirement for 676 gold pieces
 13098 | Orc:2    | Identified the ring of Hyishrico {rF+++ MR+ Str+3 Stlth-} (You acquired it on level 2 of the Orcish Mines)
 13165 | D:11     | Reached skill level 9 in Fighting
 13165 | D:11     | Reached skill level 9 in Dodging
 13230 | D:11     | Found a hazy altar of Hepliaklqana.
 13323 | D:11     | Reached XP level 15. HP: 84/101 MP: 6/19
 13353 | D:11     | Noticed Gastronok
 13357 | D:11     | Killed Gastronok
 13558 | D:12     | Received a gift from Trog
 13637 | D:12     | Found a frozen archway.
 13693 | IceCv    | Entered an ice cave
 13714 | IceCv    | Reached skill level 10 in Fighting
 13714 | IceCv    | Reached skill level 10 in Dodging
 14038 | IceCv    | Noticed a frost giant
 14059 | IceCv    | Killed a frost giant
 14265 | D:14     | Reached skill level 11 in Fighting
 14265 | D:14     | Reached skill level 11 in Dodging
 14267 | D:14     | Received a gift from Trog
 14392 | D:14     | Found a gate to the Vaults.
 14454 | D:15     | Entered Level 15 of the Dungeon
 14459 | D:15     | Found Revaq's Gadget Shop.
 14486 | D:15     | Found the +7 Singing Sword
 14720 | D:15     | HP: 15/160 [wraith[a death knight] (13)]
 14770 | D:15     | Found Usollef's Food Shop.
 14786 | D:15     | Found Holut's Weapon Boutique.
 15031 | D:15     | Found a staircase to the Depths.
 15092 | D:15     | Received a gift from Trog
 15095 | D:15     | Reached XP level 16. HP: 114/114 MP: 6/20
 15150 | D:15     | Reached skill level 12 in Fighting
 15150 | D:15     | Reached skill level 12 in Dodging
 15230 | D:15     | Found an iron altar of Okawaru.
 15384 | D:14     | HP: 14/171 [skeletal warrior/glaive of pain[a skeletal warrior] (13)]
 15389 | D:14     | HP: 10/114 [poisoned by a skeletal warrior]
 15392 | D:14     | HP: 4/115 [skeletal warrior/glaive of pain[a skeletal warrior] (4)]
 15628 | D:14     | Identified the +11 broad axe of the Reaper {freeze, rC+} (You found it on level 14 of the Dungeon)
 16056 | D:13     | Found an iron altar of Okawaru.
 16094 | D:13     | Got a translucent hat
 16105 | D:13     | Identified the +0 hat of Jisiy {rF++ MR+++ Slay-2} (You found it on level 13 of the Dungeon)
 16155 | D:13     | Found a portal to a secret trove of treasure.
 16213 | D:13     | Reached skill level 13 in Fighting
 16213 | D:13     | Reached skill level 13 in Dodging
 16301 | D:13     | Received a gift from Trog
 16905 | D:12     | Found an iron altar of Okawaru.
 17680 | Elf:1    | Entered Level 1 of the Elven Halls
 17694 | Elf:1    | Reached skill level 1 in Stealth
 17723 | Elf:1    | Reached skill level 2 in Stealth
 17730 | Elf:1    | Noticed Asterion
 17737 | Elf:1    | Killed Asterion
 17833 | Elf:1    | Reached skill level 3 in Stealth
 17871 | Elf:1    | Received a gift from Trog
 17874 | Elf:1    | Reached skill level 4 in Stealth
 17899 | Elf:1    | Reached XP level 17. HP: 84/124 MP: 21/21
 18003 | Elf:2    | Found Akkol's Antique Armour Emporium.
 18082 | Elf:2    | Reached skill level 14 in Fighting
 18082 | Elf:2    | Reached skill level 14 in Dodging
 18270 | Elf:2    | Found a magical portal.
 18275 | WizLab   | Entered The Hall of the Hellbinder
 18288 | WizLab   | Reached skill level 5 in Stealth
 18375 | WizLab   | Reached skill level 6 in Stealth
 18560 | WizLab   | Noticed Cawid
 18568 | WizLab   | Found a burning altar of Makhleb.
 18587 | WizLab   | Received a gift from Trog
 18601 | WizLab   | Reached skill level 7 in Stealth
 18635 | WizLab   | Identified the Tome of Creation
 18664 | WizLab   | Noticed an Executioner
 18677 | WizLab   | Killed Cawid the Hellbinder
 18680 | WizLab   | Got a shimmering jade ring
 18690 | WizLab   | Got a crude ivory ring
 18691 | WizLab   | Identified the ring of Camik {rF+ rC++ Str+8} (You took it off a Hellbinder in a wizard's laboratory)
 18693 | WizLab   | Identified the ring "Faexo" {rN+ Str+2} (You found it in a wizard's laboratory)
 18894 | Elf:2    | Found a runed gate.
 18894 | Elf:2    | Found a runed gate.
 18894 | Elf:2    | Found a runed gate.
 18915 | Elf:3    | Entered Level 3 of the Elven Halls
 19044 | Elf:3    | Reached skill level 15 in Dodging
 19047 | Elf:3    | Reached skill level 15 in Fighting
 19208 | Elf:3    | Reached skill level 8 in Stealth
 19424 | Elf:3    | Noticed a Hell Sentinel
 19425 | Elf:3    | Noticed a Hell Sentinel
 19663 | Elf:3    | Reached XP level 18. HP: 134/134 MP: 7/22
 19683 | Elf:3    | Noticed a deep elf blademaster
 19692 | Elf:3    | Killed a deep elf blademaster
 19709 | Elf:3    | Reached skill level 9 in Stealth
 19748 | Elf:3    | Received a gift from Trog
 19800 | Elf:3    | Noticed a deep elf blademaster
 19809 | Elf:3    | Killed a deep elf blademaster
 19841 | Elf:3    | Noticed a deep elf master archer
 19852 | Elf:3    | Killed a deep elf master archer
 19995 | Elf:3    | Reached skill level 10 in Stealth
 20029 | Elf:3    | Noticed a deep elf master archer
 20052 | Elf:3    | Reached skill level 16 in Fighting
 20052 | Elf:3    | Reached skill level 16 in Dodging
 20069 | Elf:3    | Killed a deep elf master archer
 20113 | Elf:3    | Identified the cursed +1 morningstar of the Final Decision {flame, MR+ Int+5 Dex-3} (You took it off a deep elf demonologist on level 3 of the Elven Halls)
 20178 | Elf:3    | Identified the ring of Deniny {EV+3 Str+5} (You found it on level 3 of the Elven Halls)
 20215 | Elf:3    | Identified the Volume of Orientation and the Snowflakes
 20412 | Elf:2    | Received a gift from Trog
 20543 | Elf:2    | Reached skill level 11 in Stealth
 20741 | Elf:1    | Found Iruelosmil's Distillery.
 20762 | Elf:1    | Bought a potion of curing for 42 gold pieces
 20762 | Elf:1    | Bought a potion of curing for 42 gold pieces
 20762 | Elf:1    | Bought a potion of curing for 42 gold pieces
 20762 | Elf:1    | Bought a potion of might for 56 gold pieces
 20762 | Elf:1    | Bought 2 potions of curing for 84 gold pieces
 20762 | Elf:1    | Bought a potion of might for 56 gold pieces
 20762 | Elf:1    | Bought a potion of haste for 140 gold pieces
 20762 | Elf:1    | Bought a potion of agility for 56 gold pieces
 20762 | Elf:1    | Bought a potion of agility for 56 gold pieces
 20924 | Elf:1    | Reached XP level 19. HP: 143/143 MP: 23/23
 21058 | Elf:1    | Received a gift from Trog
 21187 | Orc:2    | Bought a potion of curing for 36 gold pieces
 21187 | Orc:2    | Bought a potion of curing for 36 gold pieces
 21188 | Orc:2    | Bought a scroll of teleportation for 78 gold pieces
 21188 | Orc:2    | Bought a scroll of fear for 91 gold pieces
 21189 | Orc:2    | Bought a scroll of summoning for 123 gold pieces
 21189 | Orc:2    | Bought a scroll of remove curse for 39 gold pieces
 21189 | Orc:2    | Bought a scroll of identify for 26 gold pieces
 21189 | Orc:2    | Bought a scroll of fog for 26 gold pieces
 21189 | Orc:2    | Bought a scroll of fog for 26 gold pieces
 21189 | Orc:2    | Bought a scroll of blinking for 97 gold pieces
 21686 | Shoals:1 | Entered Level 1 of the Shoals
 21740 | Shoals:1 | Received a gift from Trog
 21785 | Shoals:3 | Noticed Roxanne
 21805 | Shoals:3 | Killed Roxanne
 21806 | Shoals:3 | Identified Roxanne's Tome of the Mountains (You took it off Roxanne on level 3 of the Shoals)
 21816 | Shoals:4 | Entered Level 4 of the Shoals
 21853 | Shoals:4 | Noticed Bai Suzhen
 21862 | Shoals:4 | Killed Bai Suzhen
 21923 | Shoals:4 | Reached skill level 17 in Fighting
 21923 | Shoals:4 | Reached skill level 17 in Dodging
 21939 | Shoals:4 | Reached skill level 12 in Stealth
 22016 | Shoals:4 | Got a barnacled rune of Zot
 22438 | Vaults:1 | Entered Level 1 of the Vaults
 22441 | Vaults:1 | Found a ruined gateway.
 22452 | Desolati | Entered the Desolation of Salt
 22469 | Desolati | Found the brooch of Shielding {Reflect SH+8}
 22565 | Desolati | Received a gift from Trog
 22759 | Desolati | Identified the Grimoire of the Mutagenic Voyage
 22780 | Desolati | Identified the Almanac of Fetching Transmigration
 23038 | Desolati | Identified Sif Muna's Collected Works on the Bewitching Entourage
 23044 | Desolati | Received a gift from Trog
 23125 | Desolati | Identified the +3 morningstar "Ypnos" {pain, Int+2 Dex+7} (You found it in the Desolation of Salt)
 23140 | Desolati | Identified the Almanac of Evil Translocation
 23147 | Desolati | Identified the ring "Zaq Lajics" {Int+6 SInv} (You found it in the Desolation of Salt)
 23183 | Desolati | Reached XP level 20. HP: 153/153 MP: 21/24
 23350 | Vaults:1 | Reached skill level 18 in Fighting
 23350 | Vaults:1 | Reached skill level 18 in Dodging
 23460 | Vaults:2 | Reached skill level 6 in Evocations
 23481 | Vaults:2 | Found Asipneck's Jewellery Boutique.
 23548 | Vaults:2 | Found Momus's Weapon Boutique.
 23566 | Vaults:2 | Found Bocha's Food Emporium.
 23590 | Vaults:2 | Found Jeuhasi's General Store.
 23646 | Vaults:2 | Received a gift from Trog
 23658 | Vaults:2 | Paralysed by a hornet for 1 turns
 23658 | Vaults:2 | HP: 14/153 [freezing wraith (4)]
 23658 | Vaults:2 | HP: 1/153 [freezing wraith (12)]
 24074 | Vaults:4 | Found Ylittoq's Weapon Shop.
 24182 | Vaults:4 | Reached skill level 21 in Axes
 24295 | Vaults:4 | Reached skill level 13 in Stealth
 24544 | Vaults:4 | Received a gift from Trog
 24559 | Vaults:4 | Reached skill level 7 in Evocations
 25263 | Vaults:3 | Reached XP level 21. HP: 160/160 MP: 26/26
 25471 | Vaults:3 | Found a staircase to the Crypt.
 25471 | Vaults:3 | Found a basalt altar of Yredelemnul.
 25472 | Vaults:3 | Found an ancient bone altar of Kikubaaqudgha.
 25683 | Vaults:3 | Received a gift from Trog
 25744 | Vaults:3 | HP: 14/161 [deep troll[an ironheart preserver] (21)]
 25992 | Vaults:2 | Bought the ring of Fixation {Wiz rElec rPois Str-4 Dex+4} for 915 gold pieces
 26086 | Vaults:2 | Reached skill level 8 in Evocations
 26101 | Vaults:2 | Noticed Saint Roka
 26108 | Vaults:2 | Killed Saint Roka
 26108 | Vaults:2 | Reached skill level 19 in Dodging
 26189 | Vaults:2 | Reached skill level 19 in Fighting
 26267 | Vaults:2 | Received a gift from Trog
 26341 | Vaults:2 | Reached skill level 14 in Stealth
 26704 | Vaults:1 | Received a gift from Trog
 27209 | Snake:1  | Entered Level 1 of the Snake Pit
 27335 | Snake:3  | Noticed Zgarb's ghost (adept TrMo)
 27368 | Snake:3  | Killed Zgarb's ghost
 27397 | Snake:4  | Entered Level 4 of the Snake Pit
 27456 | Snake:4  | Reached XP level 22. HP: 144/169 MP: 28/28
 27512 | Snake:4  | Reached skill level 9 in Evocations
 27549 | Snake:4  | Received a gift from Trog
 27562 | Snake:4  | Found an iron altar of Okawaru.
 27627 | Snake:4  | HP: 13/253 [naga sharpshooter/arrow (23)]
 27823 | Snake:4  | Reached skill level 22 in Axes
 27847 | Snake:4  | Got a serpentine rune of Zot
 28257 | Depths:1 | Entered Level 1 of the Depths
 28336 | Depths:1 | Found a gateway to a ziggurat.
 28463 | Depths:1 | Found a gateway to Hell.
 28466 | Depths:1 | Received a gift from Trog
 28739 | Depths:2 | Found a one-way gate leading to the halls of Pandemonium.
 28744 | Depths:2 | Reached skill level 15 in Stealth
 28830 | Depths:2 | Noticed Jorgrun
 28837 | Depths:2 | Killed Jorgrun
 28907 | Depths:2 | Found a one-way gate to the infinite horrors of the Abyss.
 29192 | Depths:5 | Entered Level 5 of the Depths
 29311 | Depths:5 | Paralysed by a floating eye for 2 turns
 29318 | Depths:5 | Reached XP level 23. HP: 103/176 MP: 30/30
 29502 | Depths:5 | Received a gift from Trog
 29505 | Depths:5 | Reached skill level 23 in Axes
 29529 | Depths:5 | Found a gate to the Realm of Zot.
 29583 | Depths:5 | Found a stormy altar of Qazlal.
 29584 | Depths:5 | Found an iron altar of Okawaru.
 29584 | Depths:5 | Found a basalt altar of Yredelemnul.
 29841 | Depths:5 | Noticed a caustic shrike
 29843 | Depths:5 | Killed a caustic shrike
 29869 | Depths:5 | Noticed a caustic shrike
 29894 | Depths:5 | Killed a caustic shrike
 29956 | Depths:5 | Reached skill level 24 in Axes
 29987 | Depths:5 | Identified the Grimoire of Darkness and Enchantment
 30023 | Depths:5 | Noticed a golden dragon
 30046 | Depths:5 | Killed a golden dragon
 30115 | Depths:5 | Noticed a caustic shrike
 30134 | Depths:5 | Killed a caustic shrike
 30154 | Depths:5 | Identified the cursed +2 war axe "Holoot Sowa" {chop, rN+ Dex+3 Stlth+} (You found it on level 5 of the Depths)
 30165 | Depths:5 | Noticed a caustic shrike
 30182 | Depths:5 | Killed a caustic shrike
 30242 | Depths:5 | Noticed a caustic shrike
 30247 | Depths:5 | Killed a caustic shrike
 30252 | Depths:5 | Noticed a golden dragon
 30257 | Depths:5 | Killed a golden dragon
 30257 | Depths:5 | Reached XP level 24. HP: 179/182 MP: 30/30
 30259 | Depths:5 | Received a gift from Trog
 30318 | Depths:5 | Identified the +4 dagger "Nagotz" {flame, rC- Str+8} (You found it on level 5 of the Depths)
 30341 | Depths:5 | Identified Sif Muna's Guide on Evil Rites and Protection
 30346 | Depths:5 | Got a smoking amber ring
 30347 | Depths:5 | Identified the ring "Yralihoys" {+Fly rElec rC+ MR+ Stlth-} (You took it off a deep elf death mage on level 5 of the Depths)
 30705 | Vaults:3 | Reached skill level 25 in Axes
 30766 | Vaults:5 | Entered Level 5 of the Vaults
 30847 | Vaults:5 | Received a gift from Trog
 31266 | Vaults:5 | Reached skill level 26 in Axes
 31266 | Vaults:5 | Shot with a bolt by a yaktaur captain

Skill      XL: |  1  2  3  4  5  6  7  8  9 10 11 12 13 14 15 16 17 18 19 20 21 22 23 24 |
---------------+-------------------------------------------------------------------------+-----
Axes           | 4 5 6 7 9 11 13 15 17 19 20 21 22 24 26 | 26.0
Shields        | 2 |  2.6
Fighting       | 5 9 11 13 15 16 17 18 19 | 19.9
Dodging        | 5 9 11 13 15 16 17 18 19 | 19.9
Evocations     | 5 7 8 9 |  9.8
Stealth        | 4 8 11 12 13 14 15 | 15.2

Action                   |  1- 3 |  4- 6 |  7- 9 | 10-12 | 13-15 | 16-18 | 19-21 | 22-24 || total
-------------------------+-------+-------+-------+-------+-------+-------+-------+-------++-------
Melee: Hand axe          |    34 |    97 |   170 |       |       |       |       |       ||   301
       Constrict         |     9 |    24 |    61 |    42 |   155 |   129 |   159 |    84 ||   663
       Tentacles         |     5 |    13 |    58 |   107 |   316 |   213 |   280 |   362 ||  1354
       Trident           |       |       |    81 |   433 |   443 |       |       |       ||   957
       Battleaxe         |       |       |       |       |   570 |   307 |    22 |   690 ||  1589
       Broad axe         |       |       |       |       |       |   291 |   747 |   157 ||  1195
Throw: Javelin           |       |       |       |     5 |       |       |       |       ||     5
Invok: Berserk           |     2 |     3 |     5 |    21 |    18 |     5 |     5 |     3 ||    62
       Brothers in Arms  |       |       |       |     2 |     1 |     4 |     3 |     4 ||    14
       Trog's Hand       |       |       |       |     1 |     4 |    13 |    18 |     6 ||    42
       Burn Spellbooks   |       |       |       |       |     1 |     3 |     3 |     1 ||     8
 Abil: Evoke Invisibilit |       |       |       |       |     9 |    10 |     2 |     2 ||    23
Evoke: Wand              |       |       |       |    26 |    35 |    20 |    42 |    13 ||   136
  Use: Scroll            |     4 |    10 |     5 |    10 |    10 |     9 |     8 |     8 ||    64
       Potion            |       |     1 |       |     5 |     2 |     4 |     2 |    10 ||    24
 Stab: Sleeping          |     5 |     4 |     6 |    13 |    22 |    32 |    77 |    37 ||   196
       Invisible         |       |       |       |       |    33 |    31 |     3 |    22 ||    89
       Distracted        |       |       |       |       |     1 |     6 |     6 |     9 ||    22
  Eat: Chunk             |       |     8 |    14 |    31 |    39 |    32 |    22 |    10 ||   156
       Ration            |       |       |       |     1 |     1 |     1 |     6 |    11 ||    20
Armor: Skin              |     3 |     3 |     4 |     1 |     6 |     5 |     2 |     4 ||    28
Dodge: Dodged            |    13 |    16 |    17 |    30 |   433 |   383 |   603 |   840 ||  2335
Block: Large shield      |     7 |    59 |   160 |   199 |   184 |       |       |       ||   609
       Reflection        |       |     1 |     2 |    10 |     1 |       |       |       ||    14

Table legend:
 A = Turns spent in this place as a percentage of turns spent in the entire game.
 B = Non-inter-level travel turns spent in this place as a percentage of non-inter-level travel turns spent in the entire game.
 C = Inter-level travel turns spent in this place as a percentage of turns spent in this place.
 D = Turns resting spent in this place as a percentage of non-inter-level travel turns spent in this place.
 E = Turns spent auto-exploring this place as a percentage of non-inter-level travel turns spent in this place.
 F = Non-inter-level travel turns spent in this place divided by the number of levels of this place that you've seen.
                   A       B       C       D       E      F
               +-------+-------+-------+-------+-------+----------------------
         Total | 100.0 | 100.0 |  14.0 |   0.9 |   0.8 | 560.0
       Dungeon |  40.1 |  37.3 |  20.0 |   0.3 |   0.9 | 668.5
        Temple |   0.0 |   0.0 |   0.0 |   0.0 |   0.0 |   3.0
          Lair |  16.2 |  16.3 |  13.4 |   1.3 |   0.7 | 729.2
        Shoals |   1.2 |   1.4 |   0.3 |   3.0 |   0.0 |  93.0
     Snake Pit |   2.4 |   2.6 |   6.5 |   0.0 |   0.0 | 171.8
  Orcish Mines |   4.2 |   4.0 |  16.3 |   0.6 |   0.0 | 543.0
   Elven Halls |   9.7 |  10.7 |   4.9 |   2.8 |   2.7 | 959.0
        Vaults |  13.6 |  13.3 |  16.0 |   0.4 |   0.9 | 716.0
        Depths |   7.3 |   8.0 |   4.9 |   1.2 |   0.0 | 431.6
      Ice Cave |   1.4 |   1.6 |   0.0 |   0.0 |   0.0 | 435.0
        Wizlab |   1.5 |   1.7 |   0.0 |   1.5 |   0.0 | 463.0
    Desolation |   2.6 |   3.0 |   0.0 |   0.0 |   0.0 | 818.0
               +-------+-------+-------+-------+-------+----------------------

Table legend:
 A = Kills in this place as a percentage of kills in entire the game.
 B = Kills by you in this place as a percentage of kills by you in the entire game.
 C = Kills by friends in this place as a percentage of kills by friends in the entire game.
 D = Other kills in this place as a percentage of other kills in the entire game.
 E = Experience gained in this place as a percentage of experience gained in the entire game.
 F = Experience gained in this place divided by the number of levels of this place that you have seen.
                   A       B       C       D       E      F
               +-------+-------+-------+-------+-------+----------------------
         Total | 100.0 | 100.0 | 100.0 | 100.0 | 100.0 | 18979.7
       Dungeon |  26.8 |  27.0 |   9.1 |  25.0 |   8.4 | 5095.0
          Lair |  12.4 |  12.0 |  45.5 |   0.0 |   6.2 | 9364.2
        Shoals |   1.8 |   1.7 |   0.0 |  25.0 |   3.0 | 6847.2
     Snake Pit |   4.9 |   4.7 |  22.7 |   0.0 |   5.9 | 13430.0
  Orcish Mines |   5.9 |   6.0 |   0.0 |   0.0 |   1.9 | 8844.5
   Elven Halls |   9.0 |   9.0 |   0.0 |  25.0 |  13.7 | 41453.3
        Vaults |  18.4 |  18.5 |  13.6 |  12.5 |  27.4 | 49895.4
        Depths |  10.4 |  10.4 |   4.5 |  12.5 |  22.5 | 40942.6
      Ice Cave |   2.7 |   2.8 |   0.0 |   0.0 |   1.4 | 12389.0
        Wizlab |   2.2 |   2.2 |   4.5 |   0.0 |   3.7 | 33888.0
    Desolation |   5.5 |   5.6 |   0.0 |   0.0 |   6.0 | 54789.0
               +-------+-------+-------+-------+-------+----------------------

Vault maps used:
D:1:      saegor_arrival_simple_c, serial_forest, infiniplex_forest_lined_3,
          infiniplex_forest_straight_2, infiniplex_forest_lined_2,
          infiniplex_forest_lined_2, infiniplex_forest_join,
          infiniplex_forest_straight_3, st_stairs_7, nrook_mini_backslash
D:2:      uniq_jessica
D:3:      lemuel_doored_altar, serial_park_tiny_pond,
          nemelex_xobeh_ov_fountains_minmay
D:4:      kennysheep_mini, hangedman_abyss_or_decor_stabs,
          hangedman_minor_gate_pass
D:5:      amethyst_overflow_temple_binary,
          minmay_temple_entry_statues_fountains, serial_shops, shop,
          first_ration, grunt_ministairs_10
D:6:      basic_altar, hangedman_abyss_or_decor_stagger
D:7:      eat_drink_and_be_merry_uskayaw, nrook_loot_triangle,
          vehumet_altar_wand_db, uniq_pikel
D:8:      minmay_lair_entry_lava, serial_shops, shop, nicolae_shop_waterfront
D:10:     david_orc_2
D:11:     basic_altar, uniq_gastronok
D:12:     portal_ice_cave_entry_pillars_1, basic_altar
D:13:     evilmike_iron_armoury, nicolae_trove_entry_free_sample
D:14:     minmay_coctagon, erik_vaults_1, serial_park_square3
D:15:     gammafunk_enter_depths_forms, serial_shops, shop, shop, shop,
          hex_large, spider_trap, okawaru_ov_weapons_minmay
Temple:   minmay_crystal_spiral_temple
Lair:2:   basic_altar, grunt_megastairs_4, lemuel_fruit_tree, uniq_nergalle,
          uniq_harold
Lair:3:   dummy_snake_entry, minmay_lair_oklob_chamber
Lair:4:   minmay_shoals_entry_hut
Lair:5:   slime_altar_1, minivault_19, minivault_23, kilobyte_rumbling_trees,
          infiniplex_staircase_pool
Lair:6:   minmay_lair_end_enchanted_forest, fungi_pond_lemuel,
          nicolae_quartered_pool_medium
Shoals:1: nicolae_shoals_circle_sea_wall
Shoals:2: uniq_polyphemus
Shoals:3: nicolae_shoals_hunting_party, uniq_ilsuiw, uniq_roxanne
Shoals:4: shoals_end_grunt_ice, shoals_ilsuiw_ice, uniq_bai_suzhen
Snake:1:  uniq_aizul
Snake:2:  gammafunk_sealed_library, uniq_vashnia
Snake:3:  dpeg_oklob_gauntlet, nrook_guardian_serpent_ordinary,
          serial_bayou_shore_b, uniq_nikola
Snake:4:  snake_pit, basic_altar, minmay_snake_pond, grunt_megastairs_1,
          serial_bayou_shore_b
Orc:1:    uniq_maurice
Orc:2:    st_orc_mages, serial_shops, nicolae_shop_behind_doors, uniq_josephine,
          uniq_donald, uniq_nessos
Elf:1:    minmay_elf_arrival_circle, serial_shops, nicolae_shop_window_shopping,
          minivault_28, einodemon_crawler_minivault, uniq_asterion
Elf:2:    infiniplex_enter_wizlab_spiral, serial_shops,
          nicolae_shop_overgrown_old_shop, serial_sigils,
          serial_sigils_hangedman_gnaw, serial_sigils_hangedman_scar,
          serial_sigils_hangedman_shear
Elf:3:    elf_hall, corexii_hall_statues_s, basic_stair_grate_trap
Vaults:1: nicolae_vaults_little_squares_5, hangedman_vaults_slice, v_misc_29,
          nicolae_vaults_specimen_jars, ontoclasm_vaults_eye, v_misc_15,
          vaults_dpeg_hooks, v_misc_1, serial_ice_g,
          portal_desolation_entry_garden, serial_shops, shop_fountains
Vaults:2: vaults_mumra_chevron_long, nicolae_vaults_what_the_h, stair_cage_open,
          v_pattern_3, nicolae_vaults_network_quinsquares,
          ontoclasm_vaults_shout, nicolae_vaults_twisting_passages,
          nicolae_vaults_stairing_the_circle, ontoclasm_vaults_loading_screen,
          hangedman_vaults_slice, grunt_vaults_hallway_long, serial_shops, shop,
          shop_fountains, nicolae_shop_waterfront, nicolae_shop_trees,
          uniq_saint_roka
Vaults:3: ontoclasm_vaults_decontamination, ontoclasm_vaults_hangar,
          minmay_crypt_entry_necro_gods, grunt_vaults_bifocal,
          vaults_room_ringed_pool, nicolae_vaults_little_squares_2,
          grunt_vaults_diagonal, vaults_room_grid, v_misc_4,
          nicolae_vaults_little_squares_3, nicolae_vaults_little_squares_6,
          st_spiral_rooms, nicolae_vaults_little_squares_2,
          vaults_room_door_hall, nicolae_vaults_asterisk, vaults_room_semicircle
Vaults:4: st_more_cells, nicolae_vaults_diagonal_hallway_7, v_alt_pattern_3,
          grunt_vaults_hallway_long, grunt_vaults_focal,
          vaults_room_fancy_cross, nicolae_vaults_network_periphery,
          vaults_room_boxed, v_misc_19, vaults_mumra_hexcomb, v_alt_pattern_3,
          grunt_vaults_swirl, serial_shops, shop
Vaults:5: serial_shops, uniq_sojobo
Depths:1: enter_ziggurat_b, grunt_hell_entry_dis_old, kennysheep_inner_square,
          serial_bayou_shore_b, firewood_loft, serial_bayou_shore_b
Depths:2: minmay_open_boxes_in_corner, kennysheep_boxes, rand_demon_pan_entry_4,
          abyss_entry, serial_shops, nicolae_shop_statue_plus, hell_entry,
          serial_bayou_shore_a, infiniplex_staircase_star, uniq_jorgrun
Depths:3: cheibrodos_spurs, grunt_pan_entry_in_and_out, hangedman_geh_valley,
          corexii_leaking_fountain, kennysheep_random_hallway, uniq_margery
Depths:4: hangedman_cross_veins, grunt_pan_entry_spiral,
          minmay_misc_feat_hallway, abyss_entry, hell_entry,
          infiniplex_staircase_zigzag_1
Depths:5: hangedman_slaughterboxes, hell_entry, abyss_entry
IceCv:    ice_cave_caverns_02
WizLab:   wizlab_demon
